 Dungeon Sprint DCSS version 0.27-a0-1590-g15f69828bf (webtiles) character file.

Game seed: 5046576452721295744

644887 mhtbhm the End of an Era (level 23, 175/175 HPs)
             Began as a Gargoyle Fighter on July 18, 2021.
             Was the Champion of Qazlal.
             Escaped with the Orb!
             The game lasted 00:18:21 (3854 turns).

mhtbhm the End of an Era (Gargoyle Fighter)         Turns: 3854, Time: 00:18:22

Health: 175/175    AC: 67    Str: 40    XL:     23   Next: 66%
Magic:  35/40      EV: 13    Int: 12    God:    Qazlal [******]
Gold:   8          SH: 46    Dex:  9    Spells: 23/23 levels left

rFire    + . .     SeeInvis .   a - +9 lance "Wyrmbane" {slay drac, rPois rF+ rC+ AC+3}
rCold    + . .     Faith    .   c - +18 shield of the Gong {rElec rN+ Will+ EV-5}
rNeg     + + +     Spirit   .   b - +15 Maxwell's patent armour {-Cast -Tele rElec Will+ rCorr}
rPois    ∞         Reflect  .   u - +2 helmet {Int+3}
rElec    +         Harm     .   O - +0 cloak "Zaehisoa" {+Inv Str-2 Slay+4}
rCorr    +         Rampage  .   (no gloves)
Will     +++++     Clarity  +   Q - +1 pair of boots {Stlth+} Stlth +.........NoTele +
                                H - amulet of the Four Winds {rN+ Will+++ Clar}
HPRegen  0.39/turn NoCast   +   y - +6 ring of strength
MPRegen  0.27/turn              z - +6 ring of strength

@: flying, studying 2 skills, repel missiles
A: sickness immunity, AC +17, big wings, negative energy resistance 1,
electricity resistance, torment resistance 1, petrification resistance
0: Orb of Zot
a: Renounce Religion, Evoke Invisibility, Upheaval, Elemental Force, Disaster
Area


You escaped.
You worshipped Qazlal.
Qazlal was exalted by your worship.
You visited 1 branch You collected 8 gold pieces.

Inventory:

Hand Weapons
 a - the +9 lance "Wyrmbane" (weapon) {slay drac, rPois rF+ rC+ AC+3}
   (You found it in the Dungeon)

   It inflicts extra damage against dragons and draconians.
   AC:        It affects your AC (+3).
   rF:        It protects you from fire.
   rC:        It protects you from cold.
   rPois:     It protects you from poison.
 v - the +7 great mace "Undeadhunter" {disrupt, rN+}
   (You took it off a naga mage in the Dungeon)

   It inflicts significantly more damage against the undead.
   rN:        It protects you from negative energy.
 L - the +8 frozen axe "Frostbite" {freezing cloud, *Noise Fly rC+}
   (You found it in the Dungeon)

   It freezes those it strikes, dealing additional cold damage.
   It can also slow down cold-blooded creatures.
   It occasionally leaves clouds of freezing vapour upon striking a foe.
   It grants immunity to clouds of freezing vapour.
   rC:        It protects you from cold.
   Fly:       It grants you flight.
   *Noise:    It may make noises in combat.
Missiles
 N - a throwing net (quivered)
Armour
 b - the +15 Maxwell's patent armour (worn) {-Cast -Tele rElec Will+ rCorr}
   (You found it in the Dungeon)

   rElec:     It insulates you from electricity.
   -Cast:     It prevents spellcasting.
   -Tele:     It prevents most forms of teleportation.
   rCorr:     It protects you from acid and corrosion.
   Will:      It increases your willpower.
 c - the +18 shield of the Gong (worn) {rElec rN+ Will+ EV-5}
   (You found it in the Dungeon)

   It is deafeningly noisy when blocking attacks.
   EV:        It affects your evasion (-5).
   rElec:     It insulates you from electricity.
   rN:        It protects you from negative energy.
   Will:      It increases your willpower.
 u - a +2 helmet of intelligence (worn)
 O - the +0 cloak "Zaehisoa" (worn) {+Inv Str-2 Slay+4}
   (You found it in the Dungeon)

   Str:       It affects your strength (-2).
   Slay:      It affects your accuracy & damage with ranged weapons and melee
   (+4).
   +Inv:      It lets you turn invisible.
 Q - a +1 pair of boots of stealth (worn)
Jewellery
 y - a +6 ring of strength (left hand)
 z - a +6 ring of strength (right hand)
 D - an amulet of magic regeneration
 H - the amulet of the Four Winds (around neck) {rN+ Will+++ Clar}
   (You found it in the Dungeon)

   [amulet of nothing]

   rN:        It protects you from negative energy.
   Clar:      It protects you against confusion.
   Will:      It greatly increases your willpower.
Wands
 x - a wand of paralysis (11)
 A - a wand of mindburst (7)
 B - a wand of polymorph (18)
 K - a wand of iceblast (12)
Scrolls
 j - 4 scrolls of blinking
 o - 4 scrolls of amnesia
 p - 8 scrolls of fog
 q - 2 scrolls of holy word
 r - 3 scrolls of identify
 s - 2 scrolls of fear
 t - 12 scrolls of enchant weapon
 F - 11 scrolls of enchant armour
 M - 5 scrolls of brand weapon
Potions
 d - 9 potions of might
 e - 9 potions of curing
 f - 7 potions of heal wounds
 g - 5 potions of haste
 h - 2 potions of magic
 i - a potion of berserk rage
 k - 3 potions of brilliance
 l - 2 potions of invisibility
 m - 4 potions of resistance
 C - 3 potions of lignification
Miscellaneous
 w - a tin of tremorstones (2/2)
 E - a condenser vane
 G - a phantom mirror
 I - a box of beasts
 J - the horn of Geryon


   Skills:
 O Level 27 Fighting
 + Level 0.4(0.7) Short Blades
 + Level 0.8(0.9) Long Blades
 + Level 0.4(23.9) Axes
 O Level 27 Maces & Flails
 O Level 27 Polearms
 + Level 0.5(25.6) Staves
 + Level 0.5(0.7) Slings
 + Level 1.1 Bows
 + Level 0.4 Crossbows
 + Level 0.4(0.6) Throwing
 O Level 27 Armour
 O Level 27 Dodging
 + Level 24.2 Stealth
 O Level 27 Shields
 + Level 0.4 Unarmed Combat
 + Level 0.5 Spellcasting
 + Level 0.8 Conjurations
 + Level 0.4 Hexes
 + Level 0.5 Summonings
 + Level 0.4 Necromancy
 + Level 0.4 Translocations
 + Level 0.3 Transmutations
 + Level 0.4 Fire Magic
 + Level 0.6 Ice Magic
 + Level 0.4 Air Magic
 + Level 0.9 Earth Magic
 + Level 0.4 Poison Magic
 O Level 27 Invocations
 O Level 27 Evocations


You had 23 spell levels left.
You didn't know any spells.
Your spell library contained the following spells:

 Spells                   Type           Power      Damage    Failure   Level
 Sandblast                Erth           4%         2d4       41%         1
 Magic Dart               Conj           8%         1d3       43%         1
 Foxfire                  Conj/Fire      4%         2x1d4     45%         1
 Freeze                   Ice            4%         1d3       45%         1
 Summon Small Mammal      Summ           4%         N/A       47%         1
 Animate Skeleton         Necr           2%         N/A       50%         1
 Apportation              Tloc           2%         N/A       50%         1
 Corona                   Hex            1%         N/A       50%         1
 Pain                     Necr           4%         1d4       50%         1
 Sting                    Tmut/Pois      4%         1d3       50%         1
 Passwall                 Tmut/Erth      0%         N/A       61%         2
 Static Discharge         Conj/Air       1%         N/A       61%         2
 Call Imp                 Summ           1%         N/A       63%         2
 Corpse Rot               Necr/Air       N/A        N/A       63%         2
 Ensorcelled Hibernation  Hex/Ice        2%         N/A       63%         2
 Poisonous Vapours        Pois/Air       2%         N/A       63%         2
 Blink                    Tloc           N/A        N/A       65%         2
 Slow                     Hex            1%         N/A       65%         2
 Wereblood                Tmut           1%         N/A       65%         2
 Stone Arrow              Conj/Erth      4%         3d7       80%         3
 Conjure Flame            Conj/Fire      1%         6-21      83%         3
 Call Canine Familiar     Summ           1%         N/A       85%         3
 Dazzling Flash           Conj/Hex       2%         N/A       85%         3
 Mephitic Cloud           Conj/Pois/Air  1%         N/A       85%         3
 Confusing Touch          Hex            1%         N/A       86%         3
 Gell's Gravitas          Tloc           0%         N/A       86%         3
 Ignite Poison            Fire/Tmut/Pois 1%         N/A       86%         3
 Lesser Beckoning         Tloc           0%         N/A       86%         3
 Portal Projectile        Hex/Tloc       2%         N/A       86%         3
 Spider Form              Tmut/Pois      0%         N/A       86%         3
 Summon Guardian Golem    Hex/Summ       1%         N/A       86%         3
 Teleport Other           Tloc           1%         N/A       86%         3
 Vampiric Draining        Necr           0%         2d6       86%         3
 Animate Armour           Summ/Erth      4%         N/A       99%         4
 Dispel Undead            Necr           1%         3d6       99%         4
 Fulminant Prism          Conj/Hex       0%         3d6       99%         4
 Hailstorm                Conj/Ice       2%         3d3       99%         4
 Ice Form                 Ice/Tmut       1%         N/A       99%         4
 Iskenderun's Mystic Bla  Conj/Tloc      1%         2d3       99%         4
 Leda's Liquefaction      Hex/Erth       0%         N/A       99%         4
 Passage of Golubria      Tloc           N/A        N/A       99%         4
 Petrify                  Tmut/Erth      1%         N/A       99%         4
 Sticky Flame             Conj/Fire      1%         2d3       99%         4
 Summon Lightning Spire   Summ/Air       1%         N/A       99%         4
 Agony                    Necr           1%         N/A       100%        5
 Alistair's Intoxication  Tmut/Pois      0%         N/A       100%        5
 Excruciating Wounds      Necr           0%         N/A       100%        5
 Fireball                 Conj/Fire      0%         3d3       100%        5
 Freezing Cloud           Conj/Ice/Air   0%         6-21      100%        5
 Irradiate                Conj/Tmut      0%         3d14      100%        5
 Iskenderun's Battlesphe  Conj           2%         2d6       100%        5
 Lee's Rapid Deconstruct  Erth           1%         3d5*      100%        5
 Lightning Bolt           Conj/Air       0%         1d11      100%        5
 Metabolic Englaciation   Hex/Ice        0%         N/A       100%        5
 Silence                  Hex/Air        0%         N/A       100%        5
 Summon Forest            Summ/Tloc      0%         N/A       100%        5
 Summon Mana Viper        Hex/Summ       1%         N/A       100%        5
 Yara's Violent Unravell  Hex/Tmut       0%         3d3       100%        5
 Dispersal                Tloc           0%         N/A       100%        6
 Eringya's Noxious Bog    Tmut/Pois      0%         N/A       100%        6
 Invisibility             Hex            0%         N/A       100%        6
 Iron Shot                Conj/Erth      1%         9d1       100%        6
 Shadow Creatures         Summ           N/A        N/A       100%        6
 Starburst                Conj/Fire      0%         8x6d3     100%        6
 Haunt                    Necr/Summ      0%         N/A       100%        7
 Malign Gateway           Summ/Tloc      0%         N/A       100%        7
 Orb of Destruction       Conj           1%         N/A       100%        7
 Spellforged Servitor     Conj/Summ      0%         N/A       100%        7
 Storm Form               Tmut/Air       0%         N/A       100%        7
 Summon Hydra             Summ           0%         N/A       100%        7
 Borgnjor's Revivificati  Necr           0%         N/A       100%        8
 Discord                  Hex            0%         N/A       100%        8
 Disjunction              Tloc           0%         N/A       100%        8
 Ignition                 Fire           0%         3d3       100%        8
 Lehudib's Crystal Spear  Conj/Erth      1%         10d2      100%        8
 Necromutation            Tmut/Necr      0%         N/A       100%        8
 Summon Horrible Things   Summ           0%         N/A       100%        8
 Chain Lightning          Conj/Air       0%         2d1       100%        9
 Death's Door             Necr           0%         N/A       100%        9
 Fire Storm               Conj/Fire      0%         6d1       100%        9
 Sublimation of Blood     Necr           Unusable   N/A       N/A         2
 Statue Form              Tmut/Erth      Unusable   N/A       N/A         6

Dungeon Overview and Level Annotations

Branches:
Dungeon (1/1)

Altars:
Ashenzari
Cheibriados
Dithmenos
Elyvilon
Fedhas
Gozag
Hepliaklqana
Kikubaaqudgha
Makhleb
Nemelex Xobeh
Okawaru
Qazlal
Ru
Sif Muna
Trog
Uskayaw
Vehumet
Wu Jian
Xom
Yredelemnul
Zin
The Shining One
Beogh
Jiyva
Lugonu


Innate Abilities, Weirdness & Mutations

You are immune to sickness and miasma.
Your stone body is resilient. (AC +17)
You are immune to poison.
Your large and strong wings let you fly.
You resist negative energy. (rN+)
You are resistant to electric shocks. (rElec)
You are resistant to unholy torment.
You are immune to petrification.


Message History

No target in view!
No target in view!
No target in view!
No target in view!
No target in view!
No target in view!
No target in view!
No target in view!
No target in view!
No target in view!
No target in view!
No target in view!
No target in view!
No target in view!
Things that are here:
a +0 plate armour; a human corpse You see here 4 large rocks.
D - an amulet of magic regeneration
F - 11 scrolls of enchant armour (gained 4)
Items here: ( ))) [ ††.
You see here a +1 ring mail of cold resistance.
You see here a +0 plate armour.
Items here: ( )))) [[ | ††.
There is a transporter here.
An exit appears before you!
You enter the transporter and appear at another place.
Found the Orb of Zot.
Found a staircase leading out of the dungeon.
Unknown command.
Unknown command.
You feel more experienced!
Your Bows skill increases to level 1!
You have reached level 23!
You see here the Orb of Zot.
You pick up the Orb of Zot!
The Orb lets out a hideous shriek!
The lords of Pandemonium are not amused.
Beware!
Now all you have to do is get back out of the dungeon!
There is a staircase leading out of the dungeon here.
Okay, then.
You have escaped!

.†..........▓.............▓...8©8
....†.......▓..▓.......▓..▓...=))
..†.†.......▓..........≈..▓...|})
....†.......▓........≈....▓......
......†.....▓......©......▓..†...
....†.......▓▓▓▓▓▓▓▓▓▓▓▓▓▓▓...†..
............▓8888888888888▓......
▓.......▓...▓8....°......8▓..▓†††
............▓8..@§°...©..8▓......
............▓8...........8▓....©.
....©.......▓8888888888888▓▓▓▓▓▓▓
▓▓▓▓▓▓▓▓▓▓▓▓▓▓▓▓▓▓▓▓▓▓▓▓▓▓▓▓▓▓▓▓▓
.....8©8.:}.....▓........8©8.....
[|.)).[=..[).[}.▓}}))|..)}}).=..|
)|:|).[)"..}..).▓..}.):[.[}[:)[.}
|=)|[[..||}...[.▓...|......)|}[.[
................▓.|....=)......).


There were no monsters in sight!

Vanquished Creatures
  Asmodeus (D)
  Gloorx Vloq (D)
  Ereshkigal (D)
  Mnoleg (D)
  Dispater (D)
  3 ancient liches (D)
  Khufu (D)
  28 pandemonium lords (D)
  the Lernaean hydra (D)
  Saint Roka (D)
  A shard shrike (D)
  Xtahua (D)
  Geryon (D)
  the Enchantress (D)
  5 Hell Sentinels (D)
  2 iron giants (D)
  An Ice Fiend (D)
  8 liches (D)
  9 acid blobs (D)
  A quicksilver dragon (D)
  An Executioner (D)
  6 tentacled starspawn (D)
  A warmonger (D)
  5 shadow dragons (D)
  5 azure jellies (D)
  8 rockslimes (D)
  2 ghost moths (D)
  2 black suns (D)
  A deep elf sorcerer (D)
  A cacodemon (D)
  A ghoul (D)
  3 quicksilver oozes (D)
  7 reapers (D)
  7 stone giants (D)
  A vampire knight (D)
  A lorocyproca (D)
  Snorg (D)
  2 green deaths (D)
  A blizzard demon (D)
  Josephine (D)
  2 crystal guardians (D)
  5 great orbs of eyes (D)
  3 yaktaur captains (D)
  Harold (D)
  A boulder beetle (D)
  28 vault guards (D)
  A monstrous demonspawn (D)
  A hell beast (D)
  Erolcha (D)
  4 hydras (D)
  Erica (D)
  A death yak (D)
  3 catoblepae (D)
  3 orc high priests (D)
  2 vampire magi (D)
  2 hell hogs (D)
  2 thrashing horrors (D)
  A hell knight (D)
  A wretched star (D)
  A sun demon (D)
  7 iron golems (D)
  4 skeletal warriors (D)
  3 sixfirhies (D)
  3 glowing orange brains (D)
  An infernal demonspawn (D)
  2 deep elf archers (D)
  2 torturous demonspawn (D)
  2 necromancers (D)
  An orb spider (D)
  An orc knight (D)
  A deep elf zephyrmancer (D)
  2 deep elf pyromancers (D)
  2 wolf spiders (D)
  2 worldbinders (D)
  2 shining eyes (D)
  Maurice (D)
  5 draconians (D)
  5 black mambas (D)
  2 naga magi (D)
  A torpor snail (D)
  4 rust devils (D)
  An elephant (D)
  4 eyes of devastation (D)
  3 smoke demons (D)
  2 gargoyles (D)
  3 cane toads (D)
  10 tormentors (D)
  A hellion (D)
  10 yaktaurs (D)
  A hellwing (D)
  A demonic crawler (D)
  2 freezing wraiths (D)
  3 komodo dragons (D)
  4 ice devils (D)
  5 ancient zymes (D)
  4 red devils (D)
  2 jumping spiders (D)
  A polar bear (D)
  6 raiju (D)
  2 hornets (D)
  Grinder (D)
  30 slime creatures (D)
  3 blink frogs (D)
  A dream sheep (D)
  16 starcursed masses (D)
  A vampire (D)
  An air elemental (D)
  A ynoxinul (D)
  Sigmund (D)
  5 shadows (D)
  A redback (D)
  3 tarantellas (D)
  4 wraiths (D)
  A water elemental (D)
  Eustachio (D)
  3 basilisks (D)
  A yak (D)
  5 chaos spawn (D)
  8 large abominations (D)
  5 golden eyes (D)
  Grum (D)
  2 nagas (D)
  Edmund (D)
  A water moccasin (D)
  6 floating eyes (D)
  3 hell hounds (D)
  Purgy (D)
  4 orc warriors (D)
  Duvessa (D)
  A sky beast (D)
  A necrophage (D)
  An ogre (D)
  A wolf (D)
  A phantom (D)
  Blork the orc (D)
  3 scorpions (D)
  4 earth elementals (D)
  Dowan (D)
  7 wights (D)
  4 crimson imps (D)
  2 quasits (D)
  7 jellies (D)
  Crazy Yiuf (D)
  An orc priest (D)
  12 iron imps (D)
  Jessica (D)
  Ijyb (D)
  13 small abominations (D)
  A mummy (D)
  An adder (D)
  4 white imps (D)
  3 adder skeletons (D)
  4 adder zombies (D)
  A ball python (D)
  2 bat skeletons (D)
  4 bat zombies (D)
  2 endoplasms (D)
  3 ball python skeletons (D)
  6 ball python zombies (D)
  4 giant cockroach zombies (D)
  2 jackal skeletons (D)
  4 jackal zombies (D)
  2 quokka skeletons (D)
  A quokka zombie (D)
  2 lurking horrors (D)
  3 starspawn tentacles (D)
532 creatures vanquished.

Vanquished Creatures (collateral kills)
  A pandemonium lord (D)
  An iron golem (D)
2 creatures vanquished.

Vanquished Creatures (others)
  5 starspawn tentacles (D)
5 creatures vanquished.

Grand Total: 539 creatures vanquished

Notes
Turn   | Place    | Note
-------+----------+-------------------------------------------
     0 | D        | mhtbhm the Gargoyle Fighter began the quest for the Orb.
     0 | D        | Reached XP level 1. HP: 14/14 MP: 1/1
     0 | D        | Found a blossoming altar of Fedhas.
     1 | D        | Found the +6 Majin-Bo {vamp, MP+6 Int+6}
     1 | D        | Found the +9 heavy crossbow "Sniper" {vorpal, Acc+∞ SInv}
     1 | D        | Found the +10 dark maul {vorpal}
     1 | D        | Found the +15 Maxwell's patent armour {-Cast -Tele rElec
                  | Will+ rCorr}
     1 | D        | Found the +18 shield of the Gong {rElec rN+ Will+ EV-5}
     1 | D        | Found the +14 obsidian axe {vorpal, Drain Fly SInv}
     1 | D        | Found the +7 great mace "Firestarter" {inner flame, rF++}
     1 | D        | Found the +6 shillelagh "Devastator" {shatter}
     1 | D        | Found the +11 plutonium sword {Contam Stlth-}
     1 | D        | Found the +8 lance "Wyrmbane" {slay drac, rPois rF+ rC+
                  | AC+3}
     1 | D        | Found the +9 sword of Zonguldrok {reap}
     1 | D        | Found the +13 scythe of Curses {drain, Drain}
     1 | D        | Found the +5 sword of Power {vorpal}
     1 | D        | Found the +7 mace of Variability {chain chaos}
     1 | D        | Found the +7 Singing Sword {vorpal, sonic wave}
     1 | D        | Found the +8 storm bow {elec, penet}
     1 | D        | Found a shimmering blue altar of Sif Muna.
     1 | D        | Found a sacrificial altar of Ru.
     1 | D        | Found a bloodstained altar of Trog.
     1 | D        | Found a stormy altar of Qazlal.
     1 | D        | Found an iron altar of Okawaru.
     1 | D        | Found a sparkling altar of Nemelex Xobeh.
     3 | D        | Found a transporter.
     3 | D        | Found an ancient bone altar of Kikubaaqudgha.
     3 | D        | Found a viscous altar of Jiyva.
     3 | D        | Found a corrupted altar of Lugonu.
     3 | D        | Found a hazy altar of Hepliaklqana.
     3 | D        | Found a burning altar of Makhleb.
     3 | D        | Found an opulent altar of Gozag.
    87 | D        | Became a worshipper of Qazlal Stormbringer
   100 | D        | Entered arena 2.
   100 | D        | Noticed a water elemental
   100 | D        | Noticed a deep elf pyromancer
   100 | D        | Found a transporter.
   103 | D        | Noticed a fire elemental
   103 | D        | Killed a water elemental
   104 | D        | Reached XP level 2. HP: 23/23 MP: 2/2
   104 | D        | Reached XP level 3. HP: 28/28 MP: 3/3
   104 | D        | Reached XP level 4. HP: 32/32 MP: 4/4
   104 | D        | Reached XP level 5. HP: 37/37 MP: 5/5
   104 | D        | Noticed a fire elemental
   104 | D        | Noticed a fire elemental
   105 | D        | Killed a deep elf pyromancer
   106 | D        | Reached skill level 1 in Evocations
   106 | D        | Reached XP level 6. HP: 48/48 MP: 6/6
   106 | D        | Reached XP level 7. HP: 52/52 MP: 7/7
   117 | D        | Entered arena 3.
   117 | D        | Found a transporter.
   126 | D        | Reached * piety under Qazlal
   127 | D        | Reached skill level 10 in Shields
   132 | D        | Reached skill level 1 in Invocations
   140 | D        | Entered arena 4.
   140 | D        | Noticed a thrashing horror
   140 | D        | Noticed a large abomination
   140 | D        | Found a transporter.
   151 | D        | Killed a large abomination
   151 | D        | Reached ** piety under Qazlal
   152 | D        | Reached skill level 10 in Fighting
   152 | D        | Reached skill level 5 in Polearms
   153 | D        | Killed a thrashing horror
   154 | D        | Reached skill level 10 in Armour
   154 | D        | Reached XP level 8. HP: 45/59 MP: 7/11
   156 | D        | Reached *** piety under Qazlal
   165 | D        | Got the ring "Qyteufos" {rN+ Dex+5}
   278 | D        | Entered arena 5.
   278 | D        | Noticed a slime creature
   278 | D        | Noticed a slime creature
   278 | D        | Found a transporter.
   288 | D        | Reached skill level 5 in Invocations
   295 | D        | Killed a slime creature
   296 | D        | Reached XP level 9. HP: 62/63 MP: 8/13
   336 | D        | Entered arena 6.
   336 | D        | Noticed a draconian
   336 | D        | Noticed a draconian
   336 | D        | Noticed a draconian
   336 | D        | Noticed a draconian
   336 | D        | Noticed a draconian
   336 | D        | Found a transporter.
   345 | D        | Killed a draconian
   345 | D        | Reached **** piety under Qazlal
   346 | D        | Reached skill level 1 in Dodging
   347 | D        | Killed a draconian
   350 | D        | Killed a draconian
   356 | D        | Killed a draconian
   357 | D        | Reached XP level 10. HP: 57/70 MP: 14/16
   363 | D        | Killed a draconian
   418 | D        | Entered arena 7.
   418 | D        | Noticed a deep elf archer
   418 | D        | Noticed a deep elf archer
   418 | D        | Noticed a deep elf zephyrmancer
   418 | D        | Noticed a deep elf sorcerer
   418 | D        | Noticed a deep elf pyromancer
   420 | D        | Reached ***** piety under Qazlal
   421 | D        | Found a transporter.
   423 | D        | Killed a deep elf zephyrmancer
   425 | D        | Killed a deep elf archer
   425 | D        | Killed a deep elf archer
   426 | D        | Reached skill level 15 in Shields
   436 | D        | Killed a deep elf sorcerer
   437 | D        | Reached skill level 10 in Polearms
   437 | D        | Reached skill level 10 in Invocations
   439 | D        | Killed a deep elf pyromancer
   440 | D        | Reached skill level 5 in Evocations
   440 | D        | Reached XP level 11. HP: 28/76 MP: 10/18
   453 | D        | Got the Collected Works on Nocuous Ignition
   659 | D        | Got the Guide on the Shifting Arsonist
   661 | D        | Entered arena 8.
   662 | D        | Found a transporter.
   828 | D        | Entered arena 9.
   828 | D        | Noticed a wolf spider
   829 | D        | Reached ****** piety under Qazlal
   830 | D        | Found a transporter.
   834 | D        | Killed a wolf spider
   845 | D        | Got the ring "Fihypnum" {Wiz rC+}
   859 | D        | Entered arena 10.
   861 | D        | Found a transporter.
   927 | D        | Entered arena 11.
   927 | D        | Noticed Jessica
   927 | D        | Noticed Blork the orc
   927 | D        | Noticed Crazy Yiuf
   927 | D        | Noticed Dowan
   927 | D        | Noticed Duvessa
   927 | D        | Noticed Edmund
   927 | D        | Noticed Erica
   927 | D        | Noticed Grum
   927 | D        | Noticed Grinder
   928 | D        | Found a transporter.
   929 | D        | Killed Grinder
   929 | D        | Killed Crazy Yiuf
   929 | D        | Killed Dowan
   929 | D        | Killed Jessica
   929 | D        | Killed Blork the orc
   929 | D        | Killed Edmund
   930 | D        | Killed Grum
   936 | D        | Killed Duvessa
   939 | D        | Killed Erica
   983 | D        | Entered arena 12.
   983 | D        | Noticed an orc knight
   983 | D        | Noticed an orc high priest
   984 | D        | Identified the ring of Linearity {Fire Str+4 Int+2}
   984 | D        | Noticed an orc high priest
   984 | D        | Noticed an orc high priest
   986 | D        | Found a transporter.
   997 | D        | Killed an orc high priest
   998 | D        | Killed an orc high priest
   999 | D        | Reached XP level 12. HP: 60/82 MP: 14/22
  1002 | D        | Killed an orc high priest
  1015 | D        | Got the Handbook of Pessimism
  1099 | D        | Entered arena 13.
  1099 | D        | Noticed a boulder beetle
  1108 | D        | Reached skill level 15 in Invocations
  1109 | D        | Killed a ghost moth
  1124 | D        | Killed a boulder beetle
  1125 | D        | Found a transporter.
  1139 | D        | Killed a ghost moth
  1149 | D        | Got the ring "Kacody" {Ice *Corrode rElec Str+9 SInv}
  1151 | D        | Got the ring of Zilekhlo {rElec rN+}
  1268 | D        | Entered arena 14.
  1268 | D        | Noticed Tecameh the pandemonium lord
  1268 | D        | Noticed a Hell Sentinel
  1269 | D        | Noticed a monstrous warmonger
  1269 | D        | Noticed Butugili the pandemonium lord
  1269 | D        | Noticed a green death
  1271 | D        | Killed a green death
  1272 | D        | Killed a monstrous warmonger
  1272 | D        | Killed Butugili the pandemonium lord
  1273 | D        | Reached XP level 13. HP: 66/88 MP: 3/26
  1286 | D        | Killed a Hell Sentinel
  1352 | D        | Killed Tecameh the pandemonium lord
  1353 | D        | Gained mutation: Your large and strong wings let you fly.
                  | [Gargoyle growth]
  1353 | D        | Reached XP level 14. HP: 36/95 MP: 15/28
  1354 | D        | Found a transporter.
  1377 | D        | Got the Papyrus of the Birds
  1581 | D        | Entered arena 15.
  1582 | D        | Noticed a lich
  1582 | D        | Noticed a vampire knight
  1582 | D        | Identified the ring of Fixation {Will+ Str+3 Dex+6 Stlth-}
  1585 | D        | Killed a lich
  1586 | D        | Found a transporter.
  1593 | D        | Killed a vampire knight
  1637 | D        | Entered arena 16.
  1637 | D        | Noticed a ghoul
  1638 | D        | Identified the ring of Lierche {rC++ Will+}
  1640 | D        | Found the amulet of the Four Winds {rN+ Will+++ Clar}
  1641 | D        | Killed a ghoul
  1642 | D        | Found a transporter.
  1651 | D        | Got Zacroh's Incunabulum of Confrontation and Execration
  1698 | D        | Entered arena 17.
  1701 | D        | Noticed a rockslime
  1701 | D        | Noticed an acid blob
  1702 | D        | Noticed a rockslime
  1703 | D        | Killed a rockslime
  1703 | D        | Killed an acid blob
  1703 | D        | Killed a rockslime
  1705 | D        | Found the +5 robe of Night {Dark Will+ SInv}
  1705 | D        | Found a transporter.
  1748 | D        | Entered arena 18.
  1750 | D        | Noticed a quicksilver dragon
  1751 | D        | Noticed a stone giant
  1751 | D        | Noticed a stone giant
  1753 | D        | Found the +8 frozen axe "Frostbite" {freezing cloud, *Noise
                  | Fly rC+}
  1753 | D        | Found a transporter.
  1755 | D        | Killed a stone giant
  1755 | D        | Killed a stone giant
  1756 | D        | Reached XP level 15. HP: 61/101 MP: 15/31
  1764 | D        | Killed a quicksilver dragon
  1792 | D        | Got the Collected Works on Warped Summoning
  1871 | D        | Entered arena 19.
  1929 | D        | Noticed an acid blob
  1929 | D        | Noticed an azure jelly
  1929 | D        | Noticed an acid blob
  1930 | D        | Noticed a rockslime
  1930 | D        | Noticed an acid blob
  1930 | D        | Paralysed by a floating eye for 2 turns
  1931 | D        | Noticed an acid blob
  1933 | D        | Killed a rockslime
  1933 | D        | Killed an acid blob
  1933 | D        | Killed an acid blob
  1933 | D        | Killed an acid blob
  1933 | D        | Killed an acid blob
  1933 | D        | Killed an azure jelly
  1934 | D        | Reached skill level 15 in Fighting
  1935 | D        | Found a transporter.
  1980 | D        | Entered arena 20.
  1984 | D        | Identified the ring "Jaxol" {Wiz Str+4 Int+5}
  2010 | D        | Found a transporter.
  2036 | D        | Got the Grimoire of the Frostbite and Transmutation
  2050 | D        | Entered arena 21.
  2052 | D        | Noticed the 27-headed Lernaean hydra
  2053 | D        | Noticed Gloorx Vloq
  2054 | D        | Noticed Xtahua
  2054 | D        | Noticed Purgy
  2054 | D        | Found the +4 staff of Dispater
  2054 | D        | Noticed Dispater
  2054 | D        | Noticed the Enchantress
  2054 | D        | Noticed Ereshkigal
  2054 | D        | Noticed Harold
  2054 | D        | Noticed Gastronok
  2054 | D        | Noticed Saint Roka
  2055 | D        | Killed Harold
  2055 | D        | Killed Sigmund
  2055 | D        | Killed Purgy
  2055 | D        | Killed the Enchantress
  2055 | D        | Killed the 27-headed Lernaean hydra
  2055 | D        | Noticed Erolcha
  2055 | D        | Noticed Josephine
  2055 | D        | Noticed Mnoleg
  2056 | D        | Reached skill level 27 in Invocations
  2056 | D        | Noticed Gastronok
  2056 | D        | Gastronok changed into Gastronok the shard shrike
  2056 | D        | Found the +7 sceptre of Asmodeus
  2056 | D        | Identified the +0 troll leather armour "Zehamicku" {rElec
                  | Regen+ Slay+2}
  2056 | D        | Noticed Asmodeus
  2056 | D        | Identified the +7 long sword of Haakh {vamp, +Blink rPois
                  | Stlth+}
  2056 | D        | Noticed Eustachio
  2057 | D        | Killed Snorg
  2057 | D        | Killed Erolcha
  2057 | D        | Killed Gastronok the shard shrike
  2057 | D        | Killed Josephine
  2057 | D        | Noticed Khufu
  2057 | D        | Noticed Geryon
  2058 | D        | Reached skill level 15 in Armour
  2058 | D        | Reached XP level 16. HP: 66/109 MP: 18/33
  2058 | D        | Killed Xtahua
  2058 | D        | Killed Saint Roka
  2058 | D        | Killed Ijyb
  2058 | D        | Killed Eustachio
  2058 | D        | Killed Mnoleg
  2058 | D        | Killed Ereshkigal
  2059 | D        | Reached skill level 27 in Shields
  2059 | D        | Reached skill level 10 in Evocations
  2059 | D        | Noticed an Executioner
  2059 | D        | Noticed an Executioner
  2059 | D        | Noticed an Executioner
  2059 | D        | Noticed an Executioner
  2059 | D        | Killed Khufu
  2061 | D        | Killed Gloorx Vloq
  2062 | D        | Reached XP level 17. HP: 47/122 MP: 17/34
  2062 | D        | Noticed a Hell Sentinel
  2062 | D        | Killed Geryon
  2062 | D        | Killed Maurice
  2066 | D        | Noticed a Hell Sentinel
  2068 | D        | Noticed a Hell Sentinel
  2069 | D        | Killed Dispater
  2070 | D        | Reached skill level 5 in Dodging
  2101 | D        | Killed Asmodeus
  2248 | D        | Found a transporter.
  2375 | D        | Entered arena 22.
  2442 | D        | Found a transporter.
  2453 | D        | Got the amulet "Puxt" {Reflect Dex+5 SH+5 SInv}
  2457 | D        | Got the Handbook of Cold
  2480 | D        | Got the amulet of the Blind Eye {RegenMP rF- rC+ Slay+5}
  2483 | D        | Got the ring of Caubbebu {rElec rF+ rCorr MP-9 Int+5}
  2503 | D        | Entered arena 23.
  2508 | D        | Noticed Cexzuo the pandemonium lord
  2509 | D        | Noticed a Hell Sentinel
  2510 | D        | Identified the +3 morningstar of Distant Worlds {freeze,
                  | Dex+4}
  2512 | D        | Killed Cexzuo the pandemonium lord
  2513 | D        | Reached skill level 15 in Evocations
  2513 | D        | Reached XP level 18. HP: 103/136 MP: 23/35
  2522 | D        | Killed a Hell Sentinel
  2524 | D        | Found a transporter.
  2531 | D        | Got the ring of Ybry {rF+ rC+}
  2761 | D        | Entered arena 24.
  2765 | D        | Noticed Abbigoz the pandemonium lord
  2765 | D        | Noticed Weshran the pandemonium lord
  2765 | D        | Noticed Xeisei Cona the pandemonium lord
  2765 | D        | Noticed Boetsa Essi the pandemonium lord
  2766 | D        | Noticed Tasal the pandemonium lord
  2766 | D        | Noticed Keaxkoxa the pandemonium lord
  2766 | D        | Noticed Ythreneu the pandemonium lord
  2766 | D        | Noticed Emogublext the pandemonium lord
  2766 | D        | Noticed Lirchec the pandemonium lord
  2767 | D        | Noticed Zebram the pandemonium lord
  2767 | D        | Noticed Gann the pandemonium lord
  2767 | D        | Noticed Ril Unat the pandemonium lord
  2767 | D        | Noticed Douleoho the pandemonium lord
  2767 | D        | Noticed Jionig the pandemonium lord
  2767 | D        | Noticed Sooroysu the pandemonium lord
  2768 | D        | Noticed Zogilui the pandemonium lord
  2768 | D        | Killed Weshran the pandemonium lord
  2768 | D        | Killed Ythreneu the pandemonium lord
  2768 | D        | Killed Emogublext the pandemonium lord
  2768 | D        | Noticed Ecoxizud the pandemonium lord
  2768 | D        | Noticed Exinuof the pandemonium lord
  2769 | D        | Killed Tasal the pandemonium lord
  2770 | D        | Killed Xeisei Cona the pandemonium lord
  2770 | D        | Killed Douleoho the pandemonium lord
  2770 | D        | Killed Lirchec the pandemonium lord
  2770 | D        | Killed Gann the pandemonium lord
  2770 | D        | Killed Keaxkoxa the pandemonium lord
  2770 | D        | Killed Ecoxizud the pandemonium lord
  2770 | D        | Killed Zogilui the pandemonium lord
  2770 | D        | Killed Exinuof the pandemonium lord
  2770 | D        | Noticed Duil the pandemonium lord
  2771 | D        | Reached skill level 10 in Dodging
  2771 | D        | Reached XP level 19. HP: 67/150 MP: 14/36
  2771 | D        | Killed Sooroysu the pandemonium lord
  2771 | D        | Killed Duil the pandemonium lord
  2771 | D        | Noticed Kuneolonk the pandemonium lord
  2771 | D        | Noticed Yteadudd the pandemonium lord
  2772 | D        | Reached skill level 27 in Fighting
  2772 | D        | Killed Jionig the pandemonium lord
  2772 | D        | Killed Ril Unat the pandemonium lord
  2772 | D        | Killed Kuneolonk the pandemonium lord
  2772 | D        | Noticed Noggoth the pandemonium lord
  2773 | D        | Reached skill level 27 in Polearms
  2773 | D        | Reached skill level 27 in Armour
  2773 | D        | Noticed Xuwimak the pandemonium lord
  2774 | D        | Noticed Gaevvulul the pandemonium lord
  2774 | D        | Noticed Feufuacw the pandemonium lord
  2779 | D        | Killed Yteadudd the pandemonium lord
  2779 | D        | Killed Noggoth the pandemonium lord
  2780 | D        | Reached XP level 20. HP: 50/157 MP: 22/37
  2780 | D        | Killed Feufuacw the pandemonium lord
  2780 | D        | Killed Zebram the pandemonium lord
  2781 | D        | Reached skill level 15 in Dodging
  2782 | D        | Killed Xuwimak the pandemonium lord
  2783 | D        | Noticed Izaizar the pandemonium lord
  2788 | D        | Killed Izaizar the pandemonium lord
  2789 | D        | Killed Abbigoz the pandemonium lord
  2799 | D        | Killed Boetsa Essi the pandemonium lord
  2801 | D        | Killed Gaevvulul the pandemonium lord
  2802 | D        | Reached skill level 27 in Evocations
  2851 | D        | Found a transporter.
  2858 | D        | Got Borgnjor's Handbook of Necromancy
  2870 | D        | Got the Reference Book on Contamination and the Escort
  2873 | D        | Got the amulet of Vimiubi {Acrobat Harm Str-2 Int+4}
  3129 | D        | Entered arena 25.
  3137 | D        | Identified the +0 scale mail of Cudghamu {*Slow rElec rC+
                  | SInv}
  3138 | D        | Found the +2 Maxwell's thermic engine {flame, freeze}
  3140 | D        | Reached XP level 21. HP: 163/163 MP: 24/34
  3141 | D        | Found the ring of Shadows {Umbra +Inv Stlth+}
  3142 | D        | Found a transporter.
  3166 | D        | Got the ring of Meowas {Int+7 SInv}
  3174 | D        | Got the Guide on Combat Magic and the Birds
  3176 | D        | Got the amulet of Xofiorri {Faith rPois rN++}
  3179 | D        | Got the ring "Qenoyxik" {rC+ rN+}
  3264 | D        | Got the ring of Iquss {Fly rElec rN+}
  3289 | D        | Entered arena 26.
  3304 | D        | Found a transporter.
  3319 | D        | Got the ring "Qisox" {MP+9 Dex+2}
  3335 | D        | Got Luwufraczo's Disquisition on Bewitching Companions
  3363 | D        | Got the Compendium of Venom
  3365 | D        | Got the Reference Book on Bewitching Unholy Secrets
  3374 | D        | Got the amulet "Licon" {RegenMP Int+4 Slay+6}
  3402 | D        | Entered arena 27.
  3513 | D        | Reached skill level 15 in Stealth
  3521 | D        | Reached skill level 27 in Dodging
  3533 | D        | Found a transporter.
  3561 | D        | Got the +0 cloak "Zaehisoa" {+Inv Str-2 Slay+4}
  3600 | D        | Got the Volume of the Rattlesnake
  3642 | D        | Entered arena 28.
  3803 | D        | Noticed an ancient lich
  3803 | D        | Identified the +7 war axe of the Chickpea {vamp, rF+
                  | Will+++ Int+3 Dex-4}
  3804 | D        | Identified the +3 fustibalus of Incongruity {speed, rC+
                  | Str+2}
  3804 | D        | Noticed an ancient lich
  3805 | D        | Found the +0 staff of Battle
  3806 | D        | Killed an ancient lich
  3806 | D        | Identified the ring of Qeol {rElec Slay+4}
  3807 | D        | Reached XP level 22. HP: 169/169 MP: 31/39
  3807 | D        | Noticed an ancient lich
  3808 | D        | Killed an ancient lich
  3808 | D        | Killed an ancient lich
  3809 | D        | Reached skill level 27 in Maces & Flails
  3809 | D        | Identified the +7 quarterstaff "Laor" {flame, *Rage rElec
                  | Str+3 SInv}
  3810 | D        | Identified the +1 flail of Witoaf {vorpal, +Rage rF+} (You
                  | took it off a yaktaur in the Dungeon)
  3810 | D        | Identified the +9 mace "Bezxur" {distort, rF++ Int+4
                  | Stlth-}
  3811 | D        | Identified the +5 plate armour of Umosuqyoja {Rampage}
  3812 | D        | Found a transporter.
  3845 | D        | Reached skill level 1 in Bows
  3845 | D        | Reached XP level 23. HP: 175/175 MP: 33/40
  3849 | D        | Got the Orb of Zot
  3854 | D        | Escaped with the Orb!

Illustrated notes

Levels and vault maps discovered:
D:        sprint_v [room_start, room_1, room_2, room_3, room_4, room_5, room_6,
          room_7, room_8, room_9, room_10, room_11, room_12, room_13, room_14,
          room_15, room_16, room_17, room_18, room_19, room_20, room_21,
          room_22, room_23, room_24, room_25, room_26, room_27]

Skill      XL: |  1  2  3  4  5  6  7  8  9 10 11 12 13 14 15 16 17 18 19 20 21 22 |
---------------+-------------------------------------------------------------------+-----
Fighting       | 6 9 10 11 12 13 14 15 19 22 26 27 | 27.0
Polearms       | 2 4 5 6 8 10 11 13 14 17 21 26 27 | 27.0
Armour         | 7 9 10 11 12 13 14 15 18 21 25 27 | 27.0
Shields        | 7 9 11 12 14 15 17 20 21 23 26 27 | 27.0
Evocations     | 1 2 3 5 6 7 12 15 18 22 27 | 27.0
Invocations    | 4 5 8 10 13 19 20 24 27 | 27.0
Dodging        | 1 2 4 7 10 13 22 27 | 27.0
Stealth        | 9 20 24 | 24.2
Maces & Flails | 18 27 | 27.0
Bows           | 1 |  1.1
Short Blades   | |  0.4
Long Blades    | |  0.8
Axes           | |  0.4
Staves         | |  0.5
Slings         | |  0.5
Crossbows      | |  0.4
Throwing       | |  0.4
Unarmed Combat | |  0.4
Spellcasting   | |  0.5
Conjurations   | |  0.8
Hexes          | |  0.4
Summonings     | |  0.5
Necromancy     | |  0.4
Translocations | |  0.4
Transmutations | |  0.3
Fire Magic     | |  0.4
Ice Magic      | |  0.6
Air Magic      | |  0.4
Earth Magic    | |  0.9
Poison Magic   | |  0.4

Action                   |  1- 3 |  4- 6 |  7- 9 | 10-12 | 13-15 | 16-18 | 19-21 | 22-24 || total
-------------------------+-------+-------+-------+-------+-------+-------+-------+-------++-------
Melee: Lance             |       |     1 |    66 |   117 |   131 |    44 |    34 |    10 ||   403
Invok: Upheaval          |       |       |     1 |       |       |     1 |       |       ||     2
       Disaster Area     |       |       |       |    10 |    12 |    13 |    18 |     1 ||    54
       Elemental Force   |       |       |       |       |     1 |       |       |       ||     1
Evoke: Wand              |     3 |     1 |     6 |     4 |       |       |       |       ||    14
       Tin of tremorston |       |       |       |     2 |       |       |       |       ||     2
       Condenser vane    |       |       |       |       |     4 |     4 |     4 |     1 ||    13
       Horn of Geryon    |       |       |       |       |       |       |     1 |       ||     1
  Use: Potion            |       |       |     1 |     1 |     4 |     7 |     9 |     1 ||    23
       Scroll            |       |       |       |       |     2 |       |     1 |       ||     3
Armor: Plate armour      |       |       |    23 |    52 |    16 |    30 |    16 |     2 ||   139
Dodge: Dodged            |       |       |       |     9 |     5 |     2 |     3 |     3 ||    22
       Repelled          |       |       |       |     1 |       |       |       |       ||     1
Block: Kite shield       |     2 |     2 |   116 |   149 |   128 |    75 |    70 |    17 ||   559

Table legend: (Time is in decaauts)
 A = Elapsed time spent in this place.
 B = Non-inter-level travel time spent in this place.
 C = Inter-level travel time spent in this place.
 D = Time resting spent in this place.
 E = Time spent auto-exploring this place.
 F = Levels seen in this place.
 G = Mean time per level.
                   A        B        C        D        E       F      G
               +--------+--------+--------+--------+--------+-----+--------+
         Total |   3682 |   3682 |      0 |   1846 |     59 |   1 | 3682.0 |
       Dungeon |   3682 |   3682 |      0 |   1846 |     59 |   1 | 3682.0 |
               +--------+--------+--------+--------+--------+-----+--------+

Top non-repeatable levels by time:
       D: 3682 daAuts
